[Event "*** Titled Tuesday Blitz"]
[Site "Chess.com"]
[Date "2019.08.06"]
[Round "2"]
[White "Mostii"]
[Black "AliKa2810"]
[Result "1-0"]
[WhiteElo "2370"]
[BlackElo "2518"]
[TimeControl "180+2"]
[EndTime "13:23:12 PDT"]
[Termination "Mostii won by resignation"]

1. d4 Nf6 2. Nf3 g6 3. g3 Bg7 4. Bg2 O-O 5. O-O c5 6. b3 cxd4 7. Bb2 Nc6 8. Nxd4 Nxd4 9. Bxd4 d5 10. Nd2 Bf5 11. c4 dxc4 12. Nxc4 Bc2 13. Qxc2 Qxd4 14. Bxb7 Rab8 15. Rad1 Qc5 16. Bf3 a5 17. Rd2 Rfc8 18.
Rfd1 a4 19. h4 h5 20. Kg2 Rb4 21. Rd8+ Rxd8 22. Rxd8+ Kh7 23. Ne3 Qb6 24. Rd3 axb3 25. Rxb3 Rxb3 26. Qxb3 Qxb3 27. axb3 Nd7 28. b4 Nb6 29.
Nd5 Nxd5 30. Bxd5 e6 31. Bc6 Bc3 32. b5 Bd4 33. Kf3 Kg7 34. e3 Bb6 35. Ke4 Kf6 36. f3 g5 37. hxg5+ Kxg5 38. Be8 Kf6 39. Kd3 Bc7 40. f4 Ke7 41. Bc6 Kd6 42. Bf3 e5 43.
Bxh5 exf4 44. exf4 f6 45. Ke4 Bb6 46. Kf5 Bf2 47.
g4 Be3 48. Bf7 Kc5 49. Be8 Kd6 50. Kxf6 Bxf4 51. g5 Be5+ 52. Kf7 Kc7 53. g6 Kd8 54. Bc6 Kc7 55. g7 1-0

[Event "*** Titled Tuesday Blitz"]
[Site "Chess.com"]
[Date "2019.08.06"]
[Round "2"]
[White "MFBerna"]
[Black "doons21"]
[Result "1-0"]
[WhiteElo "2383"]
[BlackElo "2611"]
[TimeControl "180+2"]
[EndTime "13:23:13 PDT"]
[Termination "MFBerna won by resignation"]

1. e4 e6 2. d4 d5 3. Nd2 Nc6 4. Ngf3 Nf6 5. exd5 exd5 6. c3 Bf5 7. Be2 Bd6 8. O-O O-O 9. Re1 Ne4 10. Nxe4 dxe4 11.
Nd2 Bg6 12. Nc4 Be7 13. Bf4 Kh8 14. f3 Bg5 15. Qd2 h6 16. fxe4 Bxe4 17. Bxg5 Qxg5 18.
Qxg5 hxg5 19. Nd2 Bg6 20. Bf3 Rfe8 21. Bxc6 bxc6 22. Kf2 f6 23. b4 Kg8 24. Nb3 Kf7 25.
Nc5 a5 26. Rxe8 Kxe8 27. Re1+ Kf7 28. a4 Bf5 29. Re2 g4 30. Rb2 g5 31. bxa5 Rxa5 32. Rb7 Ke7 33. Rxc7+ Kd6 34. Rf7 Bc2 35. Nb7+ Ke6 36.
Nxa5 Kxf7 37. Nxc6 Bxa4 38. Nb4 Ke6 39. Ke3 f5 40. c4 Bb3 41. d5+ Ke5 42. Nd3+ Kd6 43.
Kd4 f4 44. c5+ Ke7 45. d6+ Ke6 46. Ne5 Bd1 47. d7 Ke7 48. c6 f3 49. gxf3 gxf3 50. Ke3 Ba4 51. Nf7 1-0

[Event "*** Titled Tuesday Blitz"]
[Site "Chess.com"]
[Date "2019.08.06"]
[Round "2"]
[White "ChainsOfFantasia"]
[Black "RoelandPruijssers"]
[Result "1-0"]
[WhiteElo "2457"]
[BlackElo "2480"]
[TimeControl "180+2"]
[EndTime "13:23:14 PDT"]
[Termination "ChainsOfFantasia won by resignation"]

1. d4 f5 2. g3 Nf6 3. Nf3 g6 4. Bg2 Bg7 5. O-O O-O 6. Nbd2 Nc6 7. Re1 d5 8. c4 e6 9. e3 Ne4 10. a3 a5 11. b3 b6 12. Qc2 Bb7 13. Bb2 Qe7 14. Rec1 Rac8 15. Ne1 Nd8 16. Nd3 c5 17. dxc5 bxc5 18. cxd5 Bxb2 19. Qxb2 exd5 20. b4 c4 21. Nxe4 fxe4 22. Nf4 Ne6 23. bxa5 Nc5 24. Rd1 Nd3 25. Qd4 Rxf4 26. gxf4 c3 27. Rxd3 exd3 28. Bxd5+ Bxd5 29. Qxd5+ Qf7 30. Qxd3 Qb3 31. a6 Qe6 32. a7 Qg4+ 33. Kf1 c2 34. Rc1 Qf3 35.
Ke1 Qh1+ 36. Kd2 Qa8 37. Rxc2 Rd8 38. Rc7 Rxd3+ 39. Kxd3 Qd5+ 40. Ke2 Qa8 41. a4 h5 42. a5 Qe8 43. Rb7 1-0

[Event "*** Titled Tuesday Blitz"]
[Site "Chess.com"]
[Date "2019.08.06"]
[Round "2"]
[White "Kimster98"]
[Black "Cruel_Yaro"]
[Result "1/2-1/2"]
[WhiteElo "2600"]
[BlackElo "2755"]
[TimeControl "180+2"]
[EndTime "13:23:15 PDT"]
[Termination "Game drawn by repetition"]

1. e4 c5 2. Nf3 d6 3. Bb5+ Nc6 4. d4 cxd4 5. Qxd4 Bd7 6. Bxc6 Bxc6 7. c4 Nf6 8. Nc3 e6 9. O-O Be7 10. b3 O-O 11. Rd1 Qa5 12. Qd3 Rfd8 13. Bb2 Qh5 14.
Nd4 Be8 15. Qe2 a6 16. Qxh5 Nxh5 17. a4 Nf6 18. Ba3 Kf8 19. a5 Rac8 20. Rac1 Rb8 21.
b4 Rbc8 22. b5 Rxc4 23. bxa6 bxa6 24. f3 Rdc8 25. Nce2 d5 26. Bxe7+ Kxe7 27. e5 Nd7 28. f4 Rxc1 29. Rxc1 Rxc1+ 30. Nxc1 Nc5 31. Ncb3 Nxb3 32. Nxb3 Bb5 33. Kf2 Kd7 34. Nd4 Bd3 35. Ke3 Bb1 36. Kd2 Ba2 37. Kc3 Bc4 38. Kb4 f6 39. Kc5 Bf1 40.
g3 fxe5 41. fxe5 g5 42. Kb6 g4 43. Nb3 h5 44. Nc5+ Ke7 45. Nb3 Bc4 46. Nd4 Kd7 47.
Kb7 Bd3 48. Kb6 Bc4 49. Kb7 Bd3 50. Kb6 Bc4 1/2-1/2

[Event "*** Titled Tuesday Blitz"]
[Site "Chess.com"]
[Date "2019.08.06"]
[Round "2"]
[White "Wolverine_master"]
[Black "warmoatmeal"]
[Result "1-0"]
[WhiteElo "2116"]
[BlackElo "2044"]
[TimeControl "180+2"]
[EndTime "13:23:15 PDT"]
[Termination "Wolverine_master won by resignation"]

1. e4 c5 2. Nf3 Nc6 3. d4 cxd4 4. Nxd4 e5 5. Nb5 a6 6. N5a3 Nf6 7. Bg5 Be7 8. Nc3 d6 9. Bd3 Be6 10. O-O b5 11. Bxf6 Bxf6 12. Nd5 O-O 13. c3 Bxd5 14. exd5 Ne7 15. Nc2 Nxd5 16. Bxh7+ Kxh7 17. Qxd5 Qb6 18.
Ne3 g6 19. Rad1 Rfd8 20. Rd3 Kg7 21. Ng4 Be7 22. Rh3 Rh8 23. Rxh8 Rxh8 24. Re1 f5 25.
Qe6 Qc7 26. Ne3 Bg5 27. Nd5 Qf7 28. Qxd6 e4 29. Qe5+ Kh7 30. Nf4 Re8 31. Qd6 Rd8 32. Qe5 Qxa2 33. Ne6 Rd7 34. Nf8+ Kg8 35. Nxd7 Qxb2 36.
Nf6+ Kf7 37. Nd5 Qd2 38. Rf1 a5 39. Qd4 Qa2 40. Qa7+ Ke6 41. Nc7+ Kf6 42. Nxb5 a4 43. Qd4+ Kf7 44. Nd6+ Kg8 45. Qc4+ Qxc4 46. Nxc4 a3 47.
Nxa3 1-0

[Event "*** Titled Tuesday Blitz"]
[Site "Chess.com"]
[Date "2019.08.06"]
[Round "2"]
[White "LuckyTiger"]
[Black "VladDobrov"]
[Result "1/2-1/2"]
[WhiteElo "2647"]
[BlackElo "2930"]
[TimeControl "180+2"]
[EndTime "13:23:19 PDT"]
[Termination "Game drawn by stalemate"]

1. e4 c5 2. c3 d5 3. exd5 Qxd5 4. d4 Nf6 5. Nf3 e6 6. Na3 Nc6 7. Bf4 cxd4 8. Nxd4 Nxd4 9. Qxd4 Qxd4 10. cxd4 Bb4+ 11. Bd2 Bxd2+ 12. Kxd2 O-O 13. Be2 Rd8 14. Rhd1 Rxd4+ 15. Kc2 Rxd1 16. Rxd1 Bd7 17. Bf3 Rc8+ 18. Kb3 b6 19.
Nc4 Kf8 20. Ne5 Ke7 21. a3 h6 22. h4 Be8 23. g3 Rc5 24. Nd3 Rf5 25. Bg2 Bb5 26.
f4 g5 27. hxg5 hxg5 28. Ne5 gxf4 29. gxf4 Rxf4 30. Rc1 Nd5 31. Nc6+ Bxc6 32. Rxc6 Kd7 33. Rc1 Rf2 34. Bh1 f5 35. Rg1 Kd6 36. Rg7 a5 37.
Ka4 Rxb2 38. Bxd5 Kxd5 39. Rd7+ Ke4 40. Rd4+ Ke5 41. Rd5+ Ke4 42. Rd4+ Ke3 43. Re4+ Kd3 44.
Re3+ Kd4 45. Re4+ Kd5 46. Re5+ Kc6 47. Rxe6+ Kb7 48. Re7+ Kc8 49. Re8+ Kd7 50. Re7+ Kd6 51. Re6+ Kd5 52. Re5+ Kd4 53. Re4+ Kd3 54. Re3+ Kc2 55. Re2+ Kc1 56. Re1+ Kc2 57. Re2+ Kb1 58. Re1+ Ka2 59. Ra1+ Kxa1 1/2-1/2

[Event "*** Titled Tuesday Blitz"]
[Site "Chess.com"]
[Date "2019.08.06"]
[Round "2"]
[White "Dhaydon19"]
[Black "tbalabayev"]
[Result "1-0"]
[WhiteElo "2607"]
[BlackElo "2361"]
[TimeControl "180+2"]
[EndTime "13:23:19 PDT"]
[Termination "Dhaydon19 won by resignation"]

1. d4 Nf6 2. Nf3 d6 3. c4 Nc6 4. Nc3 e5 5. dxe5 Nxe5 6. Nxe5 dxe5 7. Qc2 Be7 8. Bg5 c6 9. e3 O-O 10. Bd3 h6 11. Bh4 Nd7 12. Bg3 Nc5 13. Be2 Qc7 14.
O-O-O Be6 15. Kb1 f5 16. f3 a6 17. Bf2 b5 18. e4 bxc4 19. Bxc5 Bxc5 20. exf5 Bxf5 21. Bxc4+ Kh8 22. Bd3 Be6 23. Be4 Bd4 24. Ne2 Qa5 25. b3 Bc5 26. Rd3 Rab8 27. Rc3 Bb4 28. Rxc6 Bg8 29. Rd1 Rfd8 30. Rxd8 Rxd8 31. Nc1 Rd2 32. Rc8 Rxc2 33. Kxc2 Ba3 34. Nd3 g6 35. Bxg6 Kg7 36. Be4 Bh7 37. Rc4 Bxe4 38. Rxe4 Bd6 39.
a4 Qd5 40. Rc4 Qe6 41. Kd2 a5 42. Ke2 Qd5 43. Nf2 Qb7 44. Ne4 Be7 45. Rc3 Qa6+ 46. Rd3 Kf7 47. Nc3 Bb4 48. Nd5 Ke6 49. Nc7+ Kf5 50.
Nxa6 e4 51. Nxb4 exd3+ 52. Nxd3 Ke6 53. b4 axb4 54. Nxb4 1-0

[Event "*** Titled Tuesday Blitz"]
[Site "Chess.com"]
[Date "2019.08.06"]
[Round "2"]
[White "JussupowFan"]
[Black "GeorgeTen"]
[Result "1-0"]
[WhiteElo "2234"]
[BlackElo "2242"]
[TimeControl "180+2"]
[EndTime "13:23:19 PDT"]
[Termination "JussupowFan won on time"]

1. a4 d5 2. a5 a6 3. h4 c5 4. d3 Nc6 5. Bd2 e5 6. h5 h6 7. g3 Bd6 8. Bg2 Nge7 9. Nc3 Be6 10. e4 d4 11. Nd5 Bxd5 12. exd5 Nb4 13. Bxb4 cxb4 14.
Qg4 O-O 15. Ne2 Rc8 16. O-O Rxc2 17. Rfc1 Rxc1+ 18. Rxc1 Qxa5 19. Qd7 Rd8 20. Qxb7 Qb5 21. Qxb5 axb5 22. g4 Rc8 23. Rxc8+ Nxc8 24. Ng3 g6 25. hxg6 fxg6 26. Ne4 Kf7 27. Kf1 Bf8 28. Ke2 Ke7 29. Kd2 Nd6 30. Nc5 h5 31. f3 h4 32. Kc2 Bh6 33. Kb3 Bd2 34. Kc2 Be1 35. Ne6 Nf7 36. f4 exf4 37. Nxf4 g5 38. Ne6 Bf2 39. Kb3 Kd6 40.
Kxb4 Ne5 41. Nxg5 Nxg4 42. Bh3 1-0

[Event "*** Titled Tuesday Blitz"]
[Site "Chess.com"]
[Date "2019.08.06"]
[Round "2"]
[White "731291"]
[Black "AminMolaei"]
[Result "0-1"]
[WhiteElo "2688"]
[BlackElo "2548"]
[TimeControl "180+2"]
[EndTime "13:23:21 PDT"]
[Termination "AminMolaei won by resignation"]

1. d4 Nf6 2. Nf3 g6 3. Nbd2 Bg7 4. e4 d6 5. Bd3 O-O 6. O-O c5 7. c3 Nc6 8. h3 Ne8 9. dxc5 dxc5 10. Bc4 Nd6 11. Bb3 b5 12. Bd5 Bb7 13. e5 Nxe5 14. Bxb7 Nxb7 15. Nxe5 Bxe5 16. Qe2 Qc7 17. Qxb5 Nd6 18.
Qe2 Nf5 19. Nc4 Bf6 20. Be3 Rfd8 21. Rfd1 Rab8 22. Rxd8+ Rxd8 23. Rd1 Rxd1+ 24. Qxd1 e6 25. Qd3 Kg7 26. Bd2 h5 27. Qf3 h4 28. Bf4 Qd7 29.
Qe2 Qd5 30. Bb8 a6 31. Be5 Bxe5 32. Qxe5+ Qxe5 33. Nxe5 Nd6 34. Nf3 Nf5 35. Kf1 f6 36. Ke2 g5 37. Kd3 Nd6 38. a4 Kf7 39. Nd2 e5 40. b4 cxb4 41. cxb4 Ke6 42. Ne4 Nxe4 43. Kxe4 f5+ 44. Kd3 Kd5 45. Kc3 g4 46. Kd3 e4+ 47. Ke3 Ke5 48. hxg4 fxg4 49. Ke2 Kd5 50. f4 exf3+ 51.
gxf3 g3 52. Kf1 h3 53. a5 Kc4 54. f4 Kxb4 55. f5 Kc5 56. f6 Kd6 57. f7 Ke7 58. f8=Q+ Kxf8 0-1

[Event "*** Titled Tuesday Blitz"]
[Site "Chess.com"]
[Date "2019.08.06"]
[Round "2"]
[White "pedromartinez91"]
[Black "Slovak_fighter2000"]
[Result "0-1"]
[WhiteElo "2451"]
[BlackElo "2464"]
[TimeControl "180+2"]
[EndTime "13:23:21 PDT"]
[Termination "Slovak_fighter2000 won by resignation"]

1. e4 e6 2. d4 d5 3. Nc3 Nf6 4. Bg5 Bb4 5. e5 h6 6. Bd2 Bxc3 7. bxc3 Ne4 8. Qg4 Kf8 9. Bd3 Nxd2 10. Kxd2 c5 11. Nf3 Nc6 12. Qf4 c4 13. Be2 Bd7 14.
h4 b5 15. a3 a5 16. Rhb1 Rb8 17. Ke1 Qe7 18. Kf1 Kg8 19. Kg1 Kh7 20. Kh2 Rhf8 21. Qe3 Rb7 22. Ne1 Qxh4+ 23. Kg1 Rfb8 24. Nf3 Qe7 25. Bd1 b4 26. axb4 axb4 27. cxb4 Rxb4 28. Rxb4 Qxb4 29. c3 Qb2 30. Rc1 Kg8 31. Bc2 Ra8 32. Bb1 Ra1 33. Qe1 Kf8 34. Nd2 Na5 35. f4 Nb3 36.
Nxb3 cxb3 37. f5 exf5 38. Kh2 f4 39. c4 g5 40. e6 f3 41. Qf1 Bxe6 42. cxd5 Bxd5 43.
Rc8+ Kg7 44. Rc1 Qxg2+ 45. Qxg2 fxg2 46. Re1 b2 47. Kg1 Be4 48. Bxe4 Rxe1+ 49. Kf2 0-1

[Event "*** Titled Tuesday Blitz"]
[Site "Chess.com"]
[Date "2019.08.06"]
[Round "2"]
[White "Arash_Tahbaz"]
[Black "Yoshkinkot"]
[Result "1-0"]
[WhiteElo "2838"]
[BlackElo "2611"]
[TimeControl "180+2"]
[EndTime "13:23:22 PDT"]
[Termination "Arash_Tahbaz won by checkmate"]

1. e4 c6 2. d4 d5 3. Nd2 dxe4 4. Nxe4 Bf5 5. Ng3 Bg6 6. h4 h6 7. Nf3 Nd7 8. h5 Bh7 9. Bd3 Bxd3 10. Qxd3 e6 11. Bd2 Be7 12. O-O-O Ngf6 13. Qe2 c5 14. c4 O-O 15. Kb1 cxd4 16. Nxd4 Qb6 17. Be3 Nc5 18. Ka1 Rfd8 19. Nf1 Rd7 20. Ng3 Rad8 21.
Nb5 a6 22. Nc3 Qc6 23. f3 Na4 24. Nxa4 Qxa4 25. Rxd7 Rxd7 26. Rc1 Bd6 27. Bf2 Bf4 28.
Rc2 Bxg3 29. Bxg3 Nxh5 30. Be5 Qa5 31. Bc3 Qc5 32. Rc1 Nf4 33. Qe4 Nd3 34. Rf1 b5 35.
cxb5 axb5 36. a3 Qd5 37. Qg4 f5 38. Qg6 Nf4 39. Qe8+ Kh7 40. g4 Ne2 41. g5 hxg5 42.
Rh1# 1-0

[Event "*** Titled Tuesday Blitz"]
[Site "Chess.com"]
[Date "2019.08.06"]
[Round "2"]
[White "chessbia"]
[Black "aquaticpineapples"]
[Result "1-0"]
[WhiteElo "2244"]
[BlackElo "2150"]
[TimeControl "180+2"]
[EndTime "13:23:22 PDT"]
[Termination "chessbia won by checkmate"]

1. d4 e6 2. c4 d5 3. Nc3 Nf6 4. Nf3 c6 5. Bg5 Be7 6. e3 Nbd7 7.
Be2 O-O 8. O-O dxc4 9. Bxc4 b5 10. Bd3 Bb7 11. a3 h6 12. Bh4 a6 13. b4 a5 14. Qb3 axb4 15. axb4 Nd5 16. Bxe7 Qxe7 17. Nxd5 exd5 18. Bc2 Nb6 19. Qd3 g6 20. Ne5 Qd6 21. f4 Bc8 22. Rxa8 Nxa8 23. f5 f6 24. Nxg6 Re8 25. Rf3 Qxb4 26. h3 Nb6 27. Rg3 Kf7 28. Qe2 Nc4 29. Qh5 Qe1+ 30. Kh2 Rxe3 31. Ne5+ Ke7 32.
Qf7+ Kd6 33. Qxf6+ Kc7 34. Qxc6+ Kb8 35. Qxb5+ Ka8 36.
Qxd5+ Bb7 37. Rg8+ Ka7 38. Qxc4 Rxh3+ 39. Kxh3 Qh1+ 40.
Kg4 Qxg2+ 41. Kh5 Qh3+ 42. Kg6 Qg3+ 43. Kf6 Qh4+ 44. Ke6 Qe4 45. Qc5+ Ka6 46. Bxe4 Bxe4 47. Qa3+ Kb5 48. Rb8+ Bb7 49. Rxb7# 1-0

[Event "*** Titled Tuesday Blitz"]
[Site "Chess.com"]
[Date "2019.08.06"]
[Round "2"]
[White "djano"]
[Black "Faustregel"]
[Result "0-1"]
[WhiteElo "2335"]
[BlackElo "2514"]
[TimeControl "180+2"]
[EndTime "13:23:33 PDT"]
[Termination "Faustregel won on time"]

1. Nf3 d5 2. g3 Nc6 3. d4 Bg4 4. Bg2 f6 5. O-O Qd7 6. c4 e6 7. Nc3 dxc4 8. e4 O-O-O 9. d5 exd5 10. exd5 Ne5 11. Bf4 Nd3 12. Be3 Bc5 13. Bxc5 Nxc5 14. Qd4 Nd3 15. Qxc4 Bxf3 16. Bxf3 Ne5 17. Qe2 Nxf3+ 18. Qxf3 Ne7 19. Rfd1 Nf5 20. Rac1 Nd6 21. Ne2 Qa4 22. Nd4 Rd7 23. Qg4 f5 24. Qf4 Qxa2 25. Nxf5 Nxf5 26. Qxf5 Qxb2 27. d6 c6 28. Rb1 Qf6 29.
Qg4 Rd8 30. Rb4 Qg6 31. Qh3 Kb8 32. Rdb1 Qxd6 33. Qxh7 c5 34. R4b2 c4 35. Qe4 Qa6 36.
Qe5+ Ka8 37. Re1 Qc6 38. Ra2 a6 39. Qc3 Rd3 40. Qxg7 c3 41. Rc2 Rd1 42. Qe5 R1d3 43. Qe7 Ka7 44. h4 Qa4 45. Rcc1 Qd4 0-1

[Event "*** Titled Tuesday Blitz"]
[Site "Chess.com"]
[Date "2019.08.06"]
[Round "2"]
[White "David_Paravyan"]
[Black "AlexanderKing"]
[Result "1-0"]
[WhiteElo "2894"]
[BlackElo "2671"]
[TimeControl "180+2"]
[EndTime "13:23:34 PDT"]
[Termination "David_Paravyan won by resignation"]

1. e4 e5 2. Nf3 Nc6 3. Bb5 Nf6 4.
O-O Nxe4 5. Re1 Nd6 6. Nxe5 Be7 7. Bf1 Nxe5 8. Rxe5 O-O 9. d4 Bf6 10. Re1 Nf5 11. d5 Re8 12. Rxe8+ Qxe8 13. Qd3 d6 14. Nd2 Nh4 15. Ne4 Be7 16. g3 Ng6 17. Bd2 Bf5 18. Re1 Qd7 19. Qb3 c6 20. Bg2 Re8 21. Nc3 c5 22. Qb5 Kf8 23. Be4 a6 24. Qe2 Bxe4 25. Nxe4 Qf5 26. Nxd6 Qxd5 27. Nxe8 Kxe8 28. Bc3 f6 29. h4 h5 30. Rd1 Qf5 31. Qd3 Qxd3 32. Rxd3 Nf8 33. Rd5 g6 34. a4 Ne6 35. b3 Nc7 36.
Rd3 b5 37. axb5 axb5 38. Kf1 Ne6 39. Ke2 Nf8 40. Bb2 Kf7 41. c4 bxc4 42. bxc4 Ke6 43. Re3+ Kd7 44. Ra3 Ke6 45. Kd3 Nd7 46. Ra6+ Kf7 47.
Ke4 g5 48. Kf5 gxh4 49. gxh4 Nf8 50. Bxf6 1-0

[Event "*** Titled Tuesday Blitz"]
[Site "Chess.com"]
[Date "2019.08.06"]
[Round "2"]
[White "RandomOracle"]
[Black "aa175"]
[Result "0-1"]
[WhiteElo "2194"]
[BlackElo "2312"]
[TimeControl "180+2"]
[EndTime "13:23:34 PDT"]
[Termination "aa175 won on time"]

1. Nf3 Nf6 2. g3 d5 3. Bg2 Bf5 4. O-O e6 5. c4 c6 6. Qb3 Qb6 7.
d3 Nbd7 8. Be3 Qxb3 9. axb3 a6 10. Nc3 Bd6 11. Nh4 Bg6 12. Nxg6 hxg6 13. h3 O-O-O 14.
Rac1 Kb8 15. Bg5 Nc5 16. b4 Nb3 17. c5 Nxc1 18. cxd6 Nb3 19. e4 Nd4 20. e5 Rh5 21. h4 Rxg5 22. hxg5 Ng4 23. f4 Ne3 24. Re1 Nec2 25.
Rd1 Nxb4 26. Kf2 c5 27. Rh1 Nxd3+ 28. Ke3 Nxb2 29. Rh7 b5 30. Nxd5 exd5 31. Bxd5 Rf8 32.
g4 Nc4+ 33. Ke4 a5 34. Rxg7 a4 35. Bxf7 a3 36. Bd5 a2 37. Rb7+ Kc8 38. Ra7 Nd2+ 39. Kd3 N2b3 40. e6 a1=Q 0-1

[Event "*** Titled Tuesday Blitz"]
[Site "Chess.com"]
[Date "2019.08.06"]
[Round "2"]
[White "platy3"]
[Black "Alexander_Donchenko"]
[Result "1-0"]
[WhiteElo "2878"]
[BlackElo "2684"]
[TimeControl "180+2"]
[EndTime "13:23:36 PDT"]
[Termination "platy3 won on time"]

1. e4 c6 2. d4 d5 3. e5 Bf5 4.
Nf3 e6 5. Be2 c5 6. c3 Nc6 7.
O-O cxd4 8. Nxd4 Nge7 9. Nxf5 Nxf5 10. Bd3 g6 11. Qe2 Bg7 12. f4 O-O 13. Nd2 f6 14.
exf6 Qxf6 15. Nf3 Rae8 16. Bd2 Qd8 17. Kh1 Qc7 18. Rae1 a6 19. Qd1 e5 20. Qb3 Nfe7 21. fxe5 Nxe5 22. Nxe5 Bxe5 23. g3 Rxf1+ 24. Bxf1 Kg7 25.
Bg2 Rd8 26. Bg5 Bf6 27. Bxf6+ Kxf6 28. Qb4 Nf5 29. g4 a5 30. Qa4 Ne7 31. Qd4+ Kf7 32. Rf1+ Kg8 33. Qf6 Qd6 34. Qf7+ Kh8 35. Re1 Nc6 36. Qxb7 Ne5 37. h3 d4 38. Qe4 dxc3 39.
bxc3 Nd3 40. Rf1 Ne5 41. Qf4 Nd3 42. Qe3 Nc5 43. Bf3 Rf8 44. Rd1 Qc7 45. Bd5 Nd7 46. Re1 Nf6 47. Bg2 Rc8 48. Rf1 Kg7 49. g5 Nd7 50. Qe7+ Kh8 51. Rf7 1-0

[Event "*** Titled Tuesday Blitz"]
[Site "Chess.com"]
[Date "2019.08.06"]
[Round "2"]
[White "IakovUlivar"]
[Black "PrinceMurad09"]
[Result "1-0"]
[WhiteElo "2511"]
[BlackElo "2419"]
[TimeControl "180+2"]
[EndTime "13:23:38 PDT"]
[Termination "IakovUlivar won by resignation"]

1. e4 c5 2. Nf3 d6 3. Bb5+ Nd7 4.
Ba4 Nf6 5. O-O e5 6. c3 Be7 7.
d4 Qc7 8. dxe5 dxe5 9. Bc2 O-O 10. a4 Rd8 11. Qe2 b6 12. Na3 a6 13. Bg5 h6 14. Bh4 Nf8 15. Bxf6 Bxf6 16. Nc4 Ng6 17. g3 Bg4 18. Ne3 Be6 19. Rfd1 Be7 20. Rxd8+ Bxd8 21. Rd1 Be7 22. Nd5 Bxd5 23. Rxd5 Bf6 24. Bb3 Ne7 25. Rd1 Nc6 26. Bc4 a5 27. Ne1 Rd8 28. Nc2 Rxd1+ 29. Qxd1 Qd8 30. Qxd8+ Bxd8 31. h4 Kf8 32.
Ne3 h5 33. Kf1 g6 34. Ke2 Ke7 35. Kd3 Nb8 36. Bb5 Kd6 37. Kc4 Nc6 38. Ba6 Ne7 39. Bb7 f5 40. Kb5 f4 41. Nc4+ Kc7 42. Ka6 fxg3 43.
fxg3 g5 44. hxg5 Ng6 45. Nxb6 Bxg5 46. Nd5+ Kd6 47. Kxa5 Bc1 48. b4 cxb4 49. cxb4 Bd2 50. Nf6 h4 51. gxh4 Nxh4 52. Kb5 Nf3 53. Nd5 Nd4+ 54.
Kc4 Bg5 55. a5 Bd8 56. a6 1-0

[Event "*** Titled Tuesday Blitz"]
[Site "Chess.com"]
[Date "2019.08.06"]
[Round "2"]
[White "dawtonlms"]
[Black "nocnypako"]
[Result "0-1"]
[WhiteElo "2415"]
[BlackElo "2573"]
[TimeControl "180+2"]
[EndTime "13:23:39 PDT"]
[Termination "nocnypako won by resignation"]

1. d4 d5 2. c4 c6 3. Nf3 Nf6 4. e3 Bf5 5. Nc3 e6 6. Nh4 Bg6 7. Qb3 Qc7 8. Bd2 Nbd7 9. Be2 Be7 10. Rc1 Rc8 11. O-O O-O 12. Nxg6 hxg6 13. Rfd1 Qb8 14. h3 Rfd8 15. Bf3 dxc4 16. Qxc4 c5 17. e4 Nb6 18.
Qb5 cxd4 19. e5 dxc3 20. exf6 Bxf6 21. Bxc3 Rxd1+ 22. Rxd1 Bxc3 23. bxc3 Rxc3 24. Qg5 Rc8 25. Qe7 Qc7 26. Qa3 a6 27. Qb4 Nd5 28. Bxd5 exd5 29. Rxd5 b5 30. Qd6 Qxd6 31. Rxd6 Rc1+ 32. Kh2 Rc2 33.
Rxa6 Rxf2 34. Kg3 Rb2 35. Kf3 f6 36. Ra7 g5 37. g3 Kh7 38. Kg4 Kg6 39. Ra6 Rf2 40.
h4 gxh4 41. Kxh4 Rb2 42. Kg4 Rb4+ 43. Kf3 Kf5 44. Ra7 g5 45. Ra5 g4+ 46. Kf2 Ke4 47. Ra8 Rb2+ 48. Ke1 Kf3 49. Ra3+ Kg2 50. Kd1 f5 51.
Ke1 Rf2 52. Rb3 Rf3 53. Rxb5 Kxg3 54. a4 f4 0-1

[Event "*** Titled Tuesday Blitz"]
[Site "Chess.com"]
[Date "2019.08.06"]
[Round "2"]
[White "farzadbfd"]
[Black "sergiochess83"]
[Result "1/2-1/2"]
[WhiteElo "2673"]
[BlackElo "2899"]
[TimeControl "180+2"]
[EndTime "13:23:40 PDT"]
[Termination "Game drawn by repetition"]

1. e4 c6 2. d4 d5 3. exd5 cxd5 4.
Bd3 Nc6 5. c3 Qc7 6. Ne2 Bg4 7.
f3 Bh5 8. Bf4 Qd7 9. O-O e6 10.
Nd2 Bg6 11. Nb3 Nf6 12. a4 Be7 13. Bg3 O-O 14. Nf4 Bd6 15. Bxg6 hxg6 16. Nd3 Qc7 17. Kf2 b6 18. Qe2 Nd7 19. Rh1 Rfe8 20. Bxd6 Qxd6 21. f4 f5 22. Ne5 Ncxe5 23. fxe5 Qe7 24. h4 Kf7 25. Nd2 Nf8 26. Nf3 Nh7 27. a5 Qb7 28.
Qb5 Reb8 29. axb6 Qxb6 30. Qd7+ Kg8 31. Ra2 Rb7 32. Qa4 Qc7 33. Rha1 Rab8 34. Qc2 Qe7 35. Qd2 Kh8 36. b4 Rc8 37. Ra5 Kg8 38. Rc5 Rxc5 39. dxc5 Qd8 40. Ra5 Qe7 41. Qa2 g5 42.
hxg5 Nxg5 43. Nxg5 Qxg5 44. Rxa7 Qf4+ 45. Kg1 Qe3+ 46.
Kf1 Qf4+ 47. Kg1 Qe3+ 48. Kf1 Qf4+ 49. Ke1 Qe3+ 50. Kf1 1/2-1/2

[Event "*** Titled Tuesday Blitz"]
[Site "Chess.com"]
[Date "2019.08.06"]
[Round "2"]
[White "Schachspielerr"]
[Black "jlandaw"]
[Result "1/2-1/2"]
[WhiteElo "2663"]
[BlackElo "2440"]
[TimeControl "180+2"]
[EndTime "13:23:40 PDT"]
[Termination "Game drawn by agreement"]

1. e4 e5 2. Nf3 Nc6 3. Bc4 Nf6 4.
d3 Bc5 5. Nc3 d6 6. h3 O-O 7. a3 Be6 8. Bxe6 fxe6 9. O-O Qe8 10. Be3 Bxe3 11. fxe3 Qg6 12. Kh2 Qh6 13. Qe2 Ng4+ 14. Kh1 Nxe3 15. Rfe1 Ng4 16. Kg1 Nf6 17. Qe3 Qxe3+ 18. Rxe3 Nd4 19. Ne1 Nh5 20. Ne2 Nf4 21. Nc1 Rf6 22. c3 Nc6 23. Nb3 Raf8 24. Nd2 d5 25.
exd5 exd5 26. Nef3 d4 27. cxd4 exd4 28. Re4 Nxd3 29.
b4 a6 30. Nb3 Rf4 31. Re2 R4f5 32. Re4 Rd5 33. Nfxd4 Nxd4 34. Nxd4 Nf2 35. Rh4 g5 36. Ne6 gxh4 37. Nxf8 Nxh3+ 38. gxh3 Kxf8 39. Rc1 c6 40.
Rc4 Rd3 41. Rxh4 Kg7 42. Re4 Rxh3 43. Re7+ Kg6 44. Rxb7 Rxa3 45. Rb6 Rc3 46. Rxa6 Kg5 47. Rb6 h5 48. b5 c5 49. Rc6 Kg4 50. b6 Kg3 51. Rg6+ Kf3 52. Rc6 h4 53. b7 Rb3 54.
Rxc5 Rxb7 55. Rc3+ Kg4 56. Rc4+ Kg3 1/2-1/2

[Event "*** Titled Tuesday Blitz"]
[Site "Chess.com"]
[Date "2019.08.06"]
[Round "2"]
[White "imdvb6307"]
[Black "Nakachuk"]
[Result "0-1"]
[WhiteElo "2372"]
[BlackElo "2679"]
[TimeControl "180+2"]
[EndTime "13:23:43 PDT"]
[Termination "Nakachuk won on time"]

1. c4 Nf6 2. Nc3 g6 3. Nf3 Bg7 4. e4 d6 5. d4 O-O 6. Be2 e5 7. O-O Nc6 8. d5 Ne7 9. Ne1 Nd7 10. f3 f5 11. g4 Kh8 12. Be3 Ng8 13. Qd2 f4 14. Bf2 h5 15. h4 g5 16. hxg5 Qxg5 17. Kg2 hxg4 18. Rh1+ Nh6 19. fxg4 Nf6 20. Bh4 Qg6 21.
g5 Nfg4 22. gxh6 Bxh6 23. Bf3 Ne3+ 24. Kf2 Bg4 25. Qe2 Rg8 26. Nd3 Bxf3 27. Qxf3 Qg2+ 28. Qxg2 Rxg2+ 29. Kf3 Rag8 30. b3 Nc2 31. Bf6+ Kh7 32. Rxh6+ Kxh6 33. Rh1+ Kg6 34. Kxg2 Kxf6+ 35. Kf2 Ne3 36.
Ne1 Rg3 37. Ke2 Ng4 38. Nd1 Kg7 39. Nf2 Re3+ 40. Kf1 Nf6 41. Rh3 Rxh3 42. Nxh3 Nxe4 43.
Nf2 Nc3 44. a4 e4 45. Ng2 f3 46. Ne3 Kf6 47. Ke1 Ke5 48. Kd2 Ne2 49. Nc2 Kf4 50. Ne3 Nd4 51. b4 Nb3+ 52. Kc3 Kxe3 53. Ng4+ Kf4 54. Nh2 e3 0-1

[Event "*** Titled Tuesday Blitz"]
[Site "Chess.com"]
[Date "2019.08.06"]
[Round "2"]
[White "JozefKneht"]
[Black "amatatanav"]
[Result "0-1"]
[WhiteElo "2340"]
[BlackElo "2505"]
[TimeControl "180+2"]
[EndTime "13:23:43 PDT"]
[Termination "amatatanav won by checkmate"]

1. d4 Nf6 2. Bf4 d5 3. e3 c5 4. c3 Nc6 5. Nd2 Bf5 6. Qb3 Qc8 7. Ngf3 h6 8. Bb5 c4 9. Qa4 a6 10. Bxc6+ Qxc6 11. Qxc6+ bxc6 12. b3 cxb3 13. axb3 Nh5 14. Bc7 g5 15. b4 g4 16. Nh4 Bd3 17. Nb3 e6 18. g3 Be7 19. Ng2 Bc4 20. Nc5 O-O 21.
Nf4 Nxf4 22. Bxf4 Bxc5 23. bxc5 Kg7 24. Kd2 a5 25. Rhb1 Bb5 26. Bc7 a4 27. Bd6 Rfe8 28.
Rh1 f6 29. h3 gxh3 30. Rxh3 e5 31. Rah1 exd4 32. cxd4 Rh8 33. Ra1 a3 34. Rhh1 a2 35.
Rhc1 Bc4 36. Rc2 h5 37. Rb2 h4 38. gxh4 Rxh4 39. Rb7+ Kg6 40. Bg3 Rh7 41. Rb6 Bb5 42. Kc3 Rha7 43. Kb2 Ra4 44. Rb8 R8a7 45. Rg8+ Kf5 46. Rh8 Ke4 47. Rf8 Kd3 48. Rxf6 Kd2 49. Kb3 Bc4+ 50. Kb2 Rb4# 0-1